 Dungeon Crawl Stone Soup version 0.30-a0-916-g9813417 (webtiles) character file.

Game seed: 11308541884721688932

39 Dorkslayer the Shield-Bearer (level 3, -8/23 HPs)
             Began as a Gargoyle Fighter on Apr 7, 2023.
             Killed by an exploding ball python (29 damage)
             ... ignited by their inner flame
             ... on level 3 of the Dungeon.
             The game lasted 00:06:29 (1344 turns).

Dorkslayer the Shield-Bearer (Gargoyle Fighter)     Turns: 1344, Time: 00:06:29

Health: -8/23      AC: 16    Str: 19    XL:     3   Next: 47%
Magic:  3/3        EV:  7    Int:  8    God:
Gold:   142        SH:  4    Dex: 11    Spells: 2/2 levels left

rFire   . . .      SeeInvis .    a - +1 war axe
rCold   . . .      Faith    +    c - +0 buckler
rNeg    + . .      Spirit   .    s - +0 chain mail
rPois   ∞          Reflect  .    r - +1 helmet
rElec   +          Rampage  .    (no cloak)
rCorr   .                        h - +0 pair of gloves
Will    .....                    g - +0 pair of boots Stlth
                                 l - amulet of faith
HPRegen 0.23/turn                (no ring)
MPRegen 0.08/turn                (no ring)

@: about to teleport
A: sickness immunity, AC +3, negative energy resistance 1, electricity
resistance, torment resistance 1, petrification resistance
a: no special abilities


You were on level 3 of the Dungeon.
You visited 1 branch of the dungeon, and saw 3 of its levels.

You collected 142 gold pieces.

Inventory:

Hand Weapons
 a - a +1 war axe (weapon)
Armour
 c - a +0 buckler (worn)
 g - a +0 pair of boots (worn)
 h - a +0 pair of gloves (worn)
 r - a +1 helmet (worn)
 s - a +0 chain mail (worn)
Jewellery
 l - an amulet of faith (around neck)
Scrolls
 e - a scroll of amnesia
 n - a scroll of poison {unknown}
 o - a scroll of fear {unknown}
 p - a scroll of vulnerability {unknown}
 q - a scroll of fog {unknown}
Potions
 d - a potion of might
 k - a potion of curing {unknown}


   Skills:
 + Level 3.5 Fighting
 + Level 2.2 Axes
 + Level 3.5 Armour
 * Level 1.2 Dodging
 + Level 3.5 Shields


You had 2 spell levels left.
You didn't know any spells.
Your spell library contained the following spells:

 Spells                   Type           Power      Damage    Failure   Level
 Wereblood                Tmut           0%         N/A       100%        2
 Summon Hydra             Summ           0%         N/A       100%        7
 Sublimation of Blood     Necr           Unusable   N/A       N/A         2

Dungeon Overview and Level Annotations

Branches:
Dungeon (3/15)

Altars:

Shops:
D:2 [


Innate Abilities, Weirdness & Mutations

You are immune to sickness and miasma.
Your stone body is resilient. (AC +3)
You are immune to poison.
You resist negative energy. (rN+)
You are resistant to electric shocks. (rElec)
You are resistant to unholy torment.
You are immune to petrification.


Message History

The endoplasm quivers.
The endoplasm barely misses you.
You slash the endoplasm!
You kill the endoplasm!
You open the door.
There is an open door here.
There is a stone staircase leading down here.
You climb downwards.
You hear the sound of rushing water.
There is an entrance to a sewer on this level.
Hurry and find it before the portal rusts away!
The ball python hisses angrily.
Found Ozocubu's Autobiography.
There is a stone staircase leading up here.
As you read the scroll labelled KEFOOP BALLUQY, it crumbles to dust.
It is a scroll of amnesia.
You feel forgetful for a moment.
As you read the scroll labelled VAVOPUPPUMA, it crumbles to dust.
It is a scroll of enchant armour.
Your +0 helmet glows green for a moment.
As you read the scroll labelled ROCVOPEODY, it crumbles to dust.
It is a scroll of enchant weapon.
Your +0 war axe glows red for a moment.
As you read the scroll labelled MOENTI RERAUN, it crumbles to dust.
You feel strangely unstable.
It was a scroll of teleportation.
As you read the scroll labelled BAUDAX FUEROKARCH, it crumbles to dust.
The creatures around you are filled with an inner flame!
It was a scroll of immolation.
The ball python bites you but does no damage.
The ball python barely misses you.
You closely miss the ball python. The ball python completely misses you.
The ball python closely misses you.
You closely miss the ball python. The ball python bites you.
The ball python grabs you. The ball python constricts you.
The ball python bites you but does no damage.
The ball python constricts you.
You slash the ball python!
The ball python explodes!
The fiery explosion engulfs you!!
Ouch! That really hurt!
You die...

#...# #
#...#
#.#.:.#
#.#...#
.....+
#...#######
#.........#
#.§@§...♣
#.§§.......
#.§§§...♣♣♣
#..........
..........#
#.##+####+##
#. #.


There were no monsters in sight!

Vanquished Creatures
  An adder (D:2)
  A dart slug (D:1)
  3 endoplasms
  A giant cockroach (D:1)
  A goblin (D:1)
  2 hobgoblins (D:1)
  5 kobolds
  3 quokkas (D:1)
  4 ball pythons
  2 bats (D:1)
  3 frilled lizards
  3 rats
29 creatures vanquished.

Notes
Turn   | Place    | Note
-------+----------+-------------------------------------------
     0 | D:1      | Dorkslayer the Gargoyle Fighter began the quest for the
                  | Orb.
     0 | D:1      | Reached XP level 1. HP: 14/14 MP: 1/1
    65 | D:1      | Reached XP level 2. HP: 19/19 MP: 2/2
   209 | D:1      | Reached skill level 1 in Dodging
   344 | D:1      | Reached XP level 3. HP: 23/23 MP: 3/3
  1238 | D:2      | Found Wug Kuci's Antique Armour Shoppe.
  1344 | D:3      | Killed by an exploding ball python... ignited by their
                  | inner flame

Illustrated notes

Levels and vault maps discovered:
D:1:      minmay_arrival_three_doors, layout_rooms, st_stairs_7,
          minmay_misc_feat_hallway, minivault_19, minmay_nonomino_d4
D:2:      layout_loops_corners, serial_shops, shop
D:3:      minmay_angry_zag, layout_basic,
          grunt_temple_overflow_growth_and_decay,
          nicolae_gozag_cash_rules_everything_around_me, amcnicky_altar_gilded,
          serial_forest, infiniplex_forest_clump_curved,
          infiniplex_forest_straight_2, infiniplex_forest_lined_room_3,
          infiniplex_forest_end_3, infiniplex_forest_straight_5,
          infiniplex_forest_lined_room_, infiniplex_forest_lined_room_2,
          portal_sewer_entry_b, minmay_joined_circles, uniq_crazy_yiuf_cottage

Skill      XL: |  1  2 |
---------------+-------+-----
Axes           | 2 |  2.2
Dodging        | 1 |  1.2
Fighting       | |  3.5
Armour         | |  3.5
Shields        | |  3.5

Action                     || total
---------------------------++-------
  Melee: War axe           ||    88
    Use: Potion            ||     2
         Scroll            ||     5
 Armour: Scale mail        ||    52
         Chain mail        ||     2
  Dodge: Dodged            ||    59
  Block: Buckler           ||    20

Table legend: (Time is in decaauts)
 A = Elapsed time spent in this place.
 B = Non-inter-level travel time spent in this place.
 C = Inter-level travel time spent in this place.
 D = Time resting spent in this place.
 E = Time spent auto-exploring this place.
 F = Levels seen in this place.
 G = Mean time per level.
                   A        B        C        D        E       F      G
               +--------+--------+--------+--------+--------+-----+--------+
         Total |   1382 |   1382 |      0 |      0 |    480 |   3 |  460.7 |
       Dungeon |   1382 |   1382 |      0 |      0 |    480 |   3 |  460.7 |
               +--------+--------+--------+--------+--------+-----+--------+

Top non-repeatable levels by time:
     D:2: 798 daAuts
     D:1: 575 daAuts
     D:3: 8 daAuts
